 Dungeon Crawl Stone Soup version 0.29-a0-323-g050149af67 (webtiles) character file.

Game seed: 2151116905884776230

22 Dabor the Cleaver (level 2, 0/20 HPs)
             Began as a Gnoll Wanderer on Apr 10, 2022.
             Slain by a hobgoblin (4 damage)
             ... on level 1 of the Dungeon.
             The game lasted 00:00:46 (620 turns).

Dabor the Cleaver (Gnoll Wanderer)                   Turns: 620, Time: 00:00:47

Health: 0/20       AC:  3    Str: 14    XL:     2   Next: 91%
Magic:  4/5        EV: 11    Int: 11    God:
Gold:   20         SH:  0    Dex:  8    Spells: 5/6 levels left

rFire   . . .      SeeInvis .   a - +0 hand axe
rCold   . . .      Faith    .   (no shield)
rNeg    . . .      Spirit   .   e - +0 leather armour
rPois   .          Reflect  .   (no helmet)
rElec   .          Harm     .   (no cloak)
rCorr   .          Rampage  .   (no gloves)
Will    .....                   (no boots)
Stlth   +.........              (no amulet)
HPRegen 0.06/turn               (no ring)
MPRegen 0.09/turn               (no ring)

@: no status effects
A: fangs 1, strong nose, distributed training
a: no special abilities


You were on level 1 of the Dungeon.
You visited 1 branch of the dungeon, and saw 1 of its levels.

You collected 20 gold pieces.

Inventory:

Hand Weapons
 a - a +0 hand axe (weapon)
 c - a +0 dagger
Missiles
 b - 11 poisoned darts
Armour
 e - a +0 leather armour (worn)
Scrolls
 d - a scroll of teleportation
 f - 2 scrolls of amnesia {unknown}
Potions
 g - a potion of mutation {unknown}


   Skills:
 + Level 0.5 Fighting
 + Level 0.5 Short Blades
 + Level 0.5 Long Blades
 + Level 8.5 Axes
 + Level 0.5 Maces & Flails
 + Level 0.5 Polearms
 + Level 0.5 Staves
 + Level 0.5 Slings
 + Level 0.5 Bows
 + Level 0.5 Crossbows
 + Level 2.5 Throwing
 + Level 0.5 Armour
 + Level 2.5 Dodging
 + Level 0.5 Stealth
 + Level 0.5 Shields
 + Level 0.5 Unarmed Combat
 + Level 2.7 Spellcasting
 + Level 5.4 Conjurations
 + Level 0.4 Hexes
 + Level 0.4 Summonings
 + Level 0.4 Necromancy
 + Level 0.4 Translocations
 + Level 0.4 Transmutations
 + Level 0.4 Fire Magic
 + Level 0.4 Ice Magic
 + Level 0.4 Air Magic
 + Level 0.4 Earth Magic
 + Level 0.4 Poison Magic
 + Level 0.7 Invocations
 + Level 0.5 Evocations


You had 5 spell levels left.
You knew the following spells:

 Your Spells              Type           Power      Damage    Failure   Level
a - Foxfire               Conj/Fire      28%        2x1d5     11%         1

Your spell library contained the following spells:

 Spells                   Type           Power      Damage    Failure   Level
 Static Discharge         Conj/Air       7%         N/A       16%         2
 Dazzling Flash           Conj/Hex       14%        N/A       30%         3
 Call Canine Familiar     Summ           2%         N/A       65%         3
 Portal Projectile        Hex/Tloc       4%         N/A       65%         3
 Leda's Liquefaction      Hex/Erth       1%         N/A       96%         4


Dungeon Overview and Level Annotations

Branches:
Dungeon (1/15)

Altars:


Innate Abilities, Weirdness & Mutations

You have very sharp teeth.
Your uncanny sense of smell can sniff out nearby items.
Your experience applies equally to all skills.


Message History

A kobold comes into view.
It is wielding a +2 short sword of speed.
The kobold shouts!
Things that are here:
a frilled lizard corpse; a ball python corpse A kobold is nearby!
A kobold is nearby!
A giant cockroach comes into view.
There are monsters nearby!
A ball python and 2 hobgoblins come into view.
Found a scroll labelled CEMAOCZESHIE.
The ball python hisses angrily.
The hobgoblin shouts! x2; You hear a shout!
A hobgoblin comes into view.
The kobold hits you with a +2 short sword of speed.
The kobold misses you.
You barely miss the kobold. You bite the kobold, but do no damage.
The kobold closely misses you.
You closely miss the giant cockroach. You hit the kobold but do no damage.
The kobold hits you with a +2 short sword of speed.
The giant cockroach bites you.
You hit the giant cockroach but do no damage.
You hit the kobold.
You kill the kobold!
The giant cockroach closely misses you.
You conjure some foxfire!
The ball python barely misses you. The ball python closely misses you.
The giant cockroach bites you.
The hobgoblin hits you but does no damage.
The hobgoblin hits you.
* * * LOW HITPOINT WARNING * * *
Your foxfire dissipates!
The foxfire hits the hobgoblin.
The hobgoblin is almost dead.
The ball python bites you but does no damage.
The ball python closely misses you.
The ball python attacks as you move away!
The ball python barely misses you. x2; The hobgoblin attacks as you move away!
The hobgoblin hits you.
* * * LOW HITPOINT WARNING * * *
The giant cockroach bites you but does no damage.
The hobgoblin attacks as you move away! The hobgoblin hits you.
You die...

#...#...#..##.#
##..........#..#
#####...#..........#
#.......#..........†
#.#.....#...........
###...#.##............
##....#..##............
#..#..#†#..............
#....B@.....####.......
####...ggg...###
##...[.. ........S....#
#......
......).........
..............##
.............##
.............#
.............#
....?...######


You could see a giant cockroach, 3 hobgoblins and a ball python.

Vanquished Creatures
  A bat (D:1)
  6 endoplasms (D:1)
  A giant cockroach (D:1)
  A goblin (D:1)
  A hobgoblin (D:1)
  A jackal (D:1)
  2 ball pythons (D:1)
  A frilled lizard (D:1)
  3 kobolds (D:1)
  A rat (D:1)
18 creatures vanquished.

Vanquished Creatures (others)
  50 foxfires (D:1)
50 creatures vanquished.

Grand Total: 68 creatures vanquished

Notes
Turn   | Place    | Note
-------+----------+-------------------------------------------
     0 | D:1      | Dabor the Gnoll Wanderer began the quest for the Orb.
     0 | D:1      | Dabor set off with the following items: a +0 hand axe, 11
                  | poisoned darts, a +0 dagger, a scroll of teleportation, a
                  | +0 leather armour; and the following spell memorised:
                  | Foxfire; and the following spells available to memorise:
                  | Static Discharge, Dazzling Flash
     0 | D:1      | Reached XP level 1. HP: 13/13 MP: 4/4
    99 | D:1      | Reached XP level 2. HP: 11/19 MP: 0/5
   620 | D:1      | Slain by a hobgoblin

Illustrated notes

Levels and vault maps discovered:
D:1:      psy_arrival_conway, layout_rooms, st_stairs_6

Action                   || total
-------------------------++-------
Melee: Hand axe          ||    16
       Punch             ||     1
       Bite              ||     1
 Cast: Foxfire           ||    30
Armor: Leather armour    ||     6
Dodge: Dodged            ||    17

Table legend: (Time is in decaauts)
 A = Elapsed time spent in this place.
 B = Non-inter-level travel time spent in this place.
 C = Inter-level travel time spent in this place.
 D = Time resting spent in this place.
 E = Time spent auto-exploring this place.
 F = Levels seen in this place.
 G = Mean time per level.
                   A        B        C        D        E       F      G
               +--------+--------+--------+--------+--------+-----+--------+
         Total |    619 |    619 |      0 |      0 |    529 |   1 |  619.0 |
       Dungeon |    619 |    619 |      0 |      0 |    529 |   1 |  619.0 |
               +--------+--------+--------+--------+--------+-----+--------+

Top non-repeatable levels by time:
     D:1: 619 daAuts
